 Dungeon Crawl Stone Soup version 0.26-a0-597-gb535b0901c (webtiles) character file.

Game seed: 16548779459280081824

118 Lanoc the Conjurer (level 4, -1/24 HPs)
             Began as a Deep Elf Conjurer on Aug 27, 2020.
             Was an Initiate of Ru.
             Killed from afar by Natasha (9 damage)
             ... with a magic dart
             ... on level 3 of the Dungeon.
             The game lasted 00:02:36 (1493 turns).

Lanoc the Conjurer (Deep Elf Conjurer)              Turns: 1493, Time: 00:02:36

Health: -1/24      AC:  2    Str:  4    XL:     4   Next: 72%
Magic:  8/10       EV: 14    Int: 24    God:    Ru [......]
Gold:   62         SH:  0    Dex: 13    Spells: 6/9 levels left

rFire    . . .     SeeInvis .   (no weapon)
rCold    . . .     Faith    +   (no shield)
rNeg     . . .     Spirit   .   b - +0 robe {MR+}
rPois    .         Reflect  .   (no helmet)
rElec    .         Harm     .   (no cloak)
rCorr    .                      (no gloves)
MR       +....                  (no boots)
Stlth    ++........             a - amulet of faith
HPRegen  0.08/turn              (no ring)
MPRegen  0.12/turn              (no ring)

@: no status effects
A: no striking features
a: Renounce Religion


You were on level 3 of the Dungeon.
You worshipped Ru.
Ru was noncommittal.
You visited 1 branch of the dungeon, and saw 3 of its levels.

You collected 62 gold pieces.

Inventory:

Armour
 b - a +0 robe of magic resistance (worn)
Jewellery
 a - an amulet of faith (around neck)
Wands
 e - a wand of paralysis (6)
Scrolls
 c - a scroll of remove curse {unknown}
 d - 3 scrolls of identify {unknown}
Potions
 f - a potion of curing {unknown}


   Skills:
 + Level 4.0 Dodging
 - Level 2.4 Stealth
 - Level 3.0 Spellcasting
 * Level 6.0 Conjurations


You had 6 spell levels left.
You knew the following spells:

 Your Spells              Type           Power        Failure   Level
a - Magic Dart            Conj           ####         1%          1
b - Searing Ray           Conj           ####..       1%          2

Your spell library contained the following spells:

 Spells                   Type           Power        Failure   Level
 Dazzling Flash           Conj/Hex       ###...       10%         3
 Fulminant Prism          Conj/Hex       ###.......   30%         4
 Iskenderun's Mystic Bla  Conj/Tloc      ###.....     30%         4


Dungeon Overview and Level Annotations

Branches:
Dungeon (3/15)

Altars:
Ru
Sif Muna

Annotations:
D:3 Natasha


Message History

Press: ? - help, Shift-Dir - straight line, f - Natasha
Aim: Natasha, carrying a wand of flame (15) (wandering, hasn't noticed you)
The magic dart hits Natasha but does no damage.
Natasha hisses angrily.
Natasha zaps a wand.
The puff of flame hits you!
Casting: Magic Dart (safe; 1% risk of failure)
Confirm with . or Enter, or press ? or * to list all spells.
Aiming: Magic Dart (safe; 1% risk of failure)
Press: ? - help, Shift-Dir - straight line, f/p - Natasha
Aim: Natasha, carrying a wand of flame (14)
The magic dart hits Natasha.
Natasha is lightly wounded.
Natasha zaps a wand.
The puff of flame hits you.
Casting: Magic Dart (safe; 1% risk of failure)
Confirm with . or Enter, or press ? or * to list all spells.
You can't see any susceptible monsters within range! (Use Z to cast anyway.) Natasha zaps a wand.
The puff of flame hits you! Natasha casts a spell at you.
The magic dart hits you!
You die...

#..# ## #.##....## #..#
.8.###.##...... #.)#
_..#...##......
#..##...#######......
#...##.# #......
###......# #......
#........# #.....#
#........# ###...#
#.....@..# #...#
##....#...# #...#
#..........###########.##
#........#.........# #.#
#........#..h......###'##
#........#.....†.........
#........#.).............
#.......................(
........................


You could see Natasha.

Vanquished Creatures
  Natasha (D:3)
  A gnoll (D:2)
  4 adders
  A worm (D:3)
  7 bats (D:3)
  3 giant cockroaches (D:3)
  A goblin (D:2)
  5 hobgoblins (D:3)
  10 jackals (D:3)
  A quokka (D:3)
  3 frilled lizards
  2 kobolds (D:3)
  4 rats
43 creatures vanquished.

Notes
Turn   | Place    | Note
-------+----------+-------------------------------------------
     0 | D:1      | Lanoc the Deep Elf Conjurer began the quest for the Orb.
     0 | D:1      | Reached XP level 1. HP: 10/10 MP: 6/6
   132 | D:2      | Reached XP level 2. HP: 15/15 MP: 1/8
   136 | D:2      | Learned a level 2 spell: Searing Ray
   206 | D:2      | Reached skill level 5 in Conjurations
   219 | D:3      | Reached XP level 3. HP: 18/19 MP: 4/9
   425 | D:3      | Found a sacrificial altar of Ru.
   511 | D:3      | Became a worshipper of Ru the Awakened
   841 | D:3      | Reached XP level 4. HP: 24/24 MP: 5/10
  1171 | D:3      | Noticed Natasha
  1176 | D:3      | Killed Natasha
  1253 | D:3      | Reached skill level 6 in Conjurations
  1477 | D:3      | Found a shimmering blue altar of Sif Muna.
  1488 | D:3      | Noticed Natasha
  1493 | D:3      | Killed from afar by Natasha

Illustrated notes

Levels and vault maps discovered:
D:1:      dpeg_arrival_long_road, layout_basic
D:2:      layout_basic, uniq_robin
D:3:      layout_basic, led_sif_book, nicolae_ru_path_of_blood, uniq_natasha

Skill      XL: |  1  2  3  4 |
---------------+-------------+-----
Dodging        | 3 4 |  4.0
Conjurations   | 5 6 |  6.0
Stealth        | |  2.4
Spellcasting   | |  3.0

Action                   |  1- 3 |  4- 6 || total
-------------------------+-------+-------++-------
 Cast: Magic Dart        |    37 |    31 ||    68
       Searing Ray       |     5 |     1 ||     6
Armor: Robe              |     1 |     1 ||     2
Dodge: Dodged            |     4 |     5 ||     9

Table legend: (Time is in decaauts)
 A = Elapsed time spent in this place.
 B = Non-inter-level travel time spent in this place.
 C = Inter-level travel time spent in this place.
 D = Time resting spent in this place.
 E = Time spent auto-exploring this place.
 F = Levels seen in this place.
 G = Mean time per level.
                   A        B        C        D        E       F      G
               +--------+--------+--------+--------+--------+-----+--------+
         Total |   1492 |   1476 |     16 |     61 |   1194 |   3 |  497.3 |
       Dungeon |   1492 |   1476 |     16 |     61 |   1194 |   3 |  497.3 |
               +--------+--------+--------+--------+--------+-----+--------+

Top non-repeatable levels by time:
     D:3: 1276 daAuts
     D:2: 212 daAuts
     D:1: 3 daAuts
